 Dungeon Crawl Stone Soup version 0.28.0 (webtiles) character file.

Game seed: 1654972671100046357

16 mopl the Insei (level 2, -4/22 HPs)
             Began as a Djinni Transmuter on Feb 12, 2022.
             Slain by a polar bear (25 damage)
             ... created by the rage of Trog
             ... on level 2 of the Dungeon.
             The game lasted 00:01:09 (1005 turns).

mopl the Insei (Djinni Transmuter)                  Turns: 1005, Time: 00:01:10

Health: -4/22      AC:  2    Str:  9    XL:     2   Next: 70%
Gold:   20         EV: 12    Int: 14    God:
                   SH:  0    Dex: 13

rFire   + + .      SeeInvis .     - Unarmed
rCold   x . .      Faith    .   (no shield)
rNeg    . . .      Spirit   .   a - +0 robe
rPois   ∞          Reflect  .   (no helmet)
rElec   .          Harm     .   (no cloak)
rCorr   .          Rampage  .   (no gloves)
Will    .....                   (boots unavailable)
Stlth   +.........              (no amulet)
HPRegen 0.07/turn               (no ring)
MPRegen 0.00/turn               (no ring)

@: confused, flying
A: sickness immunity, fire resistance 2, cold vulnerability 1, float, innate
caster, HP casting, extra vitality 1
a: no special abilities


You were on level 2 of the Dungeon.
You visited 1 branch of the dungeon, and saw 2 of its levels.

You collected 20 gold pieces.

Inventory:

Missiles
 b - 6 poisoned darts
 c - 6 boomerangs
Armour
 a - a +0 robe (worn)
Magical Staves
 h - a staff of poison
Scrolls
 e - 3 scrolls of identify {unknown}
Potions
 d - a potion of haste {unknown}
 f - a potion of degeneration {unknown}
 g - a potion of heal wounds {unknown}


   Skills:
 - Level 1.0 Fighting
 - Level 2.1 Dodging
 * Level 3.8 Unarmed Combat
 - Level 1.6 Spellcasting


You couldn't memorise any spells.
You knew the following spells:

 Your Spells              Type           Power      Damage    Failure   Level
a - Beastly Appendage     Tmut           10%        N/A       13%         1
b - Spider Form           Tmut/Pois      5%         N/A       36%         3
d - Ice Form              Ice/Tmut       5%         N/A       77%         4
w - Wereblood             Tmut           5%         N/A       19%         2
Your spell library was empty.

Dungeon Overview and Level Annotations

Branches:
Dungeon (2/15)

Altars:
Trog


Innate Abilities, Weirdness & Mutations

You are immune to sickness and miasma.
You are immune to poison.
Your flesh is very heat resistant. (rF++)
You are vulnerable to cold. (rC-)
You float through the air rather than walking.
You learn spells naturally, not from books.
Your magical power is your life essence.
You have superior vitality. (+4 MHP)


Message History

a +0 club; a kobold corpse
Found a stone staircase leading up.
Your horns disappear.
An endoplasm comes into view.
An endoplasm is nearby!
Casting: Beastly Appendage (safe; 13% risk of failure)
Confirm with . or Enter, or press ? or * to list all spells.
You grow a pair of large bovine horns.
The endoplasm quivers.
You hit the endoplasm. You headbutt the endoplasm.
You kill the endoplasm!
Your transformation is almost over.
No target in view!
No target in view!
Your horns disappear.
Found a stone staircase leading down.
There is a stone staircase leading down here.
A kobold comes into view. It is wielding a +0 whip.
Casting: Beastly Appendage (safe; 13% risk of failure)
Confirm with . or Enter, or press ? or * to list all spells.
You grow a pair of large bovine horns.
Your transformation is almost over.
You hit the kobold.
The kobold is heavily wounded.
The kobold hits you with a +0 whip.
You hit the kobold.
You kill the kobold!
No target in view!
Things that are here:
a +0 whip; a kobold corpse Your horns disappear.
Trog sends monsters to punish you. The divine experience confuses you!
You are confused. 2 black bears and a polar bear come into view.
Unknown command.
You are too confused!
Unknown command.
You bump into the rock wall.
The polar bear bites you!!
Ouch! That really hurt!
You die...

#...##.# ##.###.#
#.# #.#
##########.# #.#
#.......##.# #.#
#.......##.# #.#
#!......##.###.##
#.h........)....#
#@hh.....#####.##
#........# ###
#........#
.?....###.#
######## #.# #.#
#.# #.#


You could see a polar bear (berserk) and 2 black bears.

Vanquished Creatures
  A worm (D:2)
  2 endoplasms
  A quokka (D:1)
  2 ball pythons (D:1)
  2 bats (D:1)
  A frilled lizard (D:1)
  3 kobolds
  A rat (D:1)
13 creatures vanquished.

Notes
Turn   | Place    | Note
-------+----------+-------------------------------------------
     0 | D:1      | mopl the Djinni Transmuter began the quest for the Orb.
     0 | D:1      | Reached XP level 1. HP: 17/17 MP: 0/0
    78 | D:1      | Found a faded altar of an unknown god.
    82 | D:1      | Prayed at the altar of an unknown god.
    82 | D:1      | Became a worshipper of Trog the Wrathful
    82 | D:1      | Reached * piety under Trog
    83 | D:1      | Fell from the grace of Trog
   614 | D:1      | Reached XP level 2. HP: 21/22 MP: 0/0
  1002 | D:2      | Noticed a black bear
  1002 | D:2      | Noticed a black bear
  1002 | D:2      | Noticed a polar bear
  1005 | D:2      | Slain by a polar bear

Illustrated notes

Levels and vault maps discovered:
D:1:      minmay_arrival_cross, layout_rooms, shapermc_ecumenical_altar_venn,
          serial_bayou_pond_e
D:2:      layout_loops_ring, uniq_jessica

Action                   || total
-------------------------++-------
Melee: Unarmed           ||    58
       Headbutt          ||     2
       Punch             ||     1
 Cast: Beastly Appendage ||     4
Invok: Renounce Religion ||     1
 Stab: Sleeping          ||     1
Armor: Robe              ||     7
Dodge: Dodged            ||    39
